Map: Ulrena

Players

zidar

  • Race: Zerg Zerg
  • League: Gold
  • Spawn Location: 11:00

John - Winner!

  • Race: Zerg Zerg
  • League: Silver
  • Spawn Location: 7:00

VOD

Have the link to the VOD?

Description

Time

  • Played on: May 19, 2016, 2:50 p.m.
  • Length: 17:03
Show
View Real Time Build Order
Export as new Build Order

zidar Zerg 

Build Orders: Pool First 

Get SALT Encoding   

  12  0:20  Spawning Pool  
  11  0:23  Drone  
  11  0:26  Extractor  
  11  0:29  Drone  
  12  0:40  Overlord  
  12  1:07  Queen, Zergling x2  
  12  1:09  Zergling x2  
  16  1:13  Zergling x2  
  17  1:24  Zergling x2  
  18  1:34  Zergling x2  
  18  1:39  Metabolic Boost  
  19  2:11  Zergling x2  
  19  2:12  Zergling x4  
  21  2:41  Hatchery  
  20  2:52  Queen  
  22  3:11  Overlord  
  22  3:30  Drone x4  
  22  3:59  Zergling x8  
  26  4:05  Spine Crawler  
  25  4:10  Drone  
  25  4:13  Drone  
  26  4:31  Zergling x2  
  26  4:32  Zergling x6  
  30  4:53  Roach Warren  
  29  5:09  Extractor  
  27  5:19  Drone x4  
  27  5:20  Drone x3  
  34  5:43  Overlord  
  34  5:44  Overlord x2  
  32  5:58  Roach x2  
  38  6:04  Roach x2  
  38  6:08  Roach  
  42  6:37  Roach x5  
  52  6:44  Evolution Chamber  
  51  6:47  Drone x2  
  51  6:51  Drone  
  54  6:56  Drone  
  55  7:02  Ravager x3  
  58  7:10  Zerg Missile Weapons Level 1  
  51  7:45  Roach x3  
  51  7:46  Roach  
  51  7:48  Drone  
  44  8:02  Zergling x2  
  44  8:03  Zergling x22  
  45  8:37  Roach  
  45  8:38  Roach x5  
  45  8:40  Ravager x3  
  60  8:45  Overlord  
  60  9:08  Lair  
  60  9:14  Queen  
  43  9:56  Roach x9  
  59  10:22  Zerg Missile Weapons Level 2  
  48  10:45  Ravager  
  49  10:51  Zergling x26  
  63  11:04  Ravager  
  63  11:08  Roach x2  
  63  11:11  Overlord x3  
  62  11:50  Roach  
  62  11:51  Roach x7  
  78  12:10  Glial Reconstitution  
  78  12:16  Burrow  
  78  12:24  Hatchery  
  76  12:53  Spire  
  76  12:56  Zerg Ground Armor Level 1  
  75  13:01  Drone x16  
  91  13:09  Extractor  
  90  13:33  Overlord x2, Extractor  
  90  13:34  Overlord x2  
  89  13:37  Extractor  
  88  14:04  Mutalisk x6  
  88  14:05  Mutalisk  
  102  14:20  Drone  
  103  14:53  Zergling x6  
  58  15:14  Mutalisk  
  58  15:15  Mutalisk x4  
  68  15:25  Zergling x16  
  75  15:49  Mutalisk  
  75  15:50  Mutalisk x2  
  69  16:10  Mutalisk  
  39  16:13  Zergling x24  
Show
View Real Time Build Order
Export as new Build Order

John Zerg - Winner!

Build Orders: 1 Base Baneling Bust, Pool First 

Get SALT Encoding   

  12  0:10  Extractor  
  11  0:23  Spawning Pool  
  11  0:25  Drone  
  11  0:36  Drone  
  11  0:38  Drone  
  13  0:49  Overlord  
  13  0:55  Drone  
  14  1:08  Drone  
  14  1:11  Zergling x2  
  16  1:21  Zergling x2  
  16  1:25  Queen  
  19  1:36  Metabolic Boost  
  19  1:45  Spine Crawler  
  18  1:49  Zergling x2  
  19  2:06  Zergling x2  
  19  2:07  Zergling x4  
  21  2:31  Baneling Nest  
  21  2:34  Spine Crawler, Drone  
  21  2:35  Drone  
  21  2:42  Drone  
  21  2:43  Overlord  
  22  3:14  Baneling x2  
  22  3:22  Roach Warren, Drone x3  
  24  3:48  Zergling x6  
  25  3:49  Zergling x6  
  29  4:28  Baneling x3  
  29  4:34  Overlord  
  29  4:35  Overlord  
  29  4:54  Roach x4  
  37  5:00  Hatchery  
  37  5:02  Extractor, Drone  
  37  5:03  Drone x2  
  38  5:22  Queen  
  39  5:29  Drone x2  
  39  5:30  Drone  
  42  6:01  Roach x2  
  42  6:02  Overlord  
  42  6:03  Overlord  
  46  6:10  Lair  
  46  6:18  Evolution Chamber  
  45  6:20  Drone  
  46  6:43  Baneling x4  
  46  6:46  Drone x3  
  49  6:48  Roach  
  49  6:49  Roach x5  
  61  7:06  Zerg Melee Weapons Level 1  
  61  7:11  Roach x3  
  48  8:05  Roach  
  48  8:06  Roach x10  
  66  8:25  Drone x2  
  66  8:26  Extractor  
  51  8:35  Zergling x2  
  51  8:36  Zergling x6  
  55  8:46  Glial Reconstitution  
  55  8:50  Zergling x4  
  55  8:51  Zergling x6  
  60  8:56  Baneling x2  
  60  8:58  Baneling x2  
  43  9:48  Roach x2  
  43  9:49  Roach x10  
  53  10:21  Ravager x2  
  55  10:28  Drone x6  
  56  10:51  Roach x6  
  56  10:53  Overlord  
  56  10:54  Overlord  
  68  11:09  Overseer  
  68  11:13  Roach x5  
  78  11:25  Extractor  
  77  11:27  Zerg Missile Weapons Level 1  
  77  11:31  Zergling x2  
  77  11:32  Zergling x8  
  82  11:38  Overseer  
  78  11:56  Baneling x4  
  78  11:57  Spine Crawler  
  78  12:01  Roach x3  
  79  12:03  Overlord x3  
  79  12:07  Overseer  
  85  12:22  Roach  
  85  12:23  Roach x3  
  91  13:08  Roach x6  
  103  13:14  Spore Crawler  
  103  13:17  Spore Crawler, Drone x3  
  104  13:36  Overlord x2  
  104  13:37  Overlord  
  104  13:53  Roach x2  
  104  13:55  Overlord x2  
  108  13:58  Roach x2  
  112  14:12  Drone  
  112  14:36  Extractor, Hatchery  
  112  14:37  Extractor  
  109  14:40  Spore Crawler, Ravager x5  
  109  14:41  Ravager  
  109  14:42  Ravager  
  109  14:43  Ravager x3  
  109  14:44  Ravager  
  80  15:24  Hydralisk Den  
  79  15:36  Spore Crawler  
  79  15:41  Spore Crawler  
  77  15:42  Spore Crawler  
  59  16:26  Hydralisk x7  
  59  16:31  Drone  
  71  16:35  Hydralisk  
  71  16:36  Hydralisk  
Tags
 
Add a new tag
Caveats
  • Supply blocks, unpowered buildings, or Contaminate may cause inaccurate times.
  • Supply counts are checked every 10 seconds.